[Event "Titled Tuesday Blitz January 18 2022"]
[White "Yurovskykh, Oleksandr"]
[Black "Krivonosov, Oleg"]
[WhiteFideId "14134020"]
[BlackFideId "11600349"]
[WhiteElo "2292"]
[BlackElo "2455"]
[Result "0-1"]
[Round "10"]
[TimeControl "180+1"]
[Date "2022.01.18"]
[WhiteClock "0:00:08"]
[BlackClock "0:00:19"]

1. d4 d5 2. Bf4 Nf6 3. e3 e6 4. Nd2 c5 5. c3 Nc6 6. Ngf3 Bd6 7. Bg3 O-O 8. Bb5 Ne7 9. Bd3 Qb6 10. Rb1 Bd7 11. Qb3 Bxg3 12. hxg3 c4 13. Qxb6 axb6 14. Bc2 Rxa2 15. g4 h6 16. g5 hxg5 17. Nxg5 Ba4 18. Bxa4 Rxa4 19. Ndf3 Nc6 20. Kd2 Ra2 21. Rh4 Rfa8 22. Rbh1 Kf8 23. Rh8+ Ke7 24. Rxa8 Rxa8 25. Ne5 Nxe5 26. dxe5 Nd7 27. Nf3 Nc5 28. Rh7 Ra2 29. Rxg7 Rxb2+ 30. Kd1 Rxf2 31. Nh4 Ne4 32. Ng6+ Ke8 33. Rg8+ Kd7 34. Nf4 Nxc3+ 35. Ke1 Ra2 36. Rf8 Ke7 37. Rc8 Ra1+ 38. Kf2 Ne4+ 39. Kf3 Nc5 40. Rc7+ Kd8 41. Rxf7 c3 42. Rf8+ Kc7 43. Rf7+ Kc6 44. Kg4 Rf1 45. Rh7 Kb5 46. Ne2 Kc4 47. Nxc3 Kxc3 48. Rc7 Kc4 49. Kh5 b5 50. g4 b4 51. g5 Rh1+ 52. Kg4 b3 0-1


[Site "https://www.chess.com"]

[Event "Titled Tuesday Blitz January 18 2022"]
[White "Zotova, Anastasia"]
[Black "Prohorov, Olexandr"]
[WhiteFideId "34124907"]
[BlackFideId "14105578"]
[WhiteElo "1860"]
[BlackElo "1993"]
[Result "0-1"]
[Round "10"]
[TimeControl "180+1"]
[Date "2022.01.18"]
[WhiteClock "0:00:12"]
[BlackClock "0:00:46"]

1. d4 g6 2. Nf3 Bg7 3. Bf4 d6 4. e3 Nd7 5. Bd3 e5 6. dxe5 dxe5 7. Bg3 Qe7 8. Nbd2 Nh6 9. e4 O-O 10. O-O Nc5 11. Qe2 Nxd3 12. Qxd3 f5 13. Bh4 Qe8 14. Qb3+ Kh8 15. Rfe1 f4 16. Rad1 Nf7 17. Qa3 Nd6 18. Nb3 b6 19. c4 h6 20. c5 Nc4 21. Qb4 Be6 22. cxb6 axb6 23. Qe7 Qc6 24. Rc1 Rae8 25. Qb4 g5 26. Bxg5 hxg5 27. Nxg5 Bg8 28. Qc3 Qg6 29. h4 Bh6 30. Nd2 Bxg5 31. hxg5 Nxd2 32. Qxd2 c5 33. Qd7 Qxg5 34. f3 Re7 35. Qc6 Rg7 36. Re2 Rf6 37. Qc8 Rh6 38. b4 Qg3 39. bxc5 Qh2+ 40. Kf1 Qh1+ 41. Kf2 Rxg2# 0-1


[Site "https://www.chess.com"]

[Event "Titled Tuesday Blitz January 18 2022"]
[White "Aaditya Dhingra"]
[Black "Turzo, Attila"]
[WhiteFideId "25678191"]
[BlackFideId "704954"]
[WhiteElo "1789"]
[BlackElo "2534"]
[Result "1-0"]
[Round "11"]
[TimeControl "180+1"]
[Date "2022.01.18"]
[WhiteClock "0:00:24"]
[BlackClock "0:00:02"]

1. e4 c5 2. Nf3 e6 3. d4 cxd4 4. Nxd4 Nc6 5. Nc3 Qc7 6. Be3 a6 7. Be2 Nf6 8. O-O Be7 9. f4 d6 10. a4 O-O 11. Kh1 Bd7 12. Nxc6 Bxc6 13. Bd3 b5 14. axb5 axb5 15. Nxb5 Qb7 16. Nd4 Bxe4 17. Bxe4 Qxe4 18. Rxa8 Rxa8 19. Re1 Bf8 20. c4 d5 21. b3 Ra2 22. Nf3 Ng4 23. Bg1 Qxf4 24. cxd5 exd5 25. Qxd5 h5 26. h3 Nf6 27. Qb7 Qf5 28. Ne5 Ne8 29. Nd7 Nd6 30. Qc6 g6 31. Nxf8 Nb5 32. Qe8 Qd5 33. Nd7+ Kg7 34. Qf8+ 1-0


[Site "https://www.chess.com"]

[Event "Titled Tuesday Blitz January 18 2022"]
[White "Agasarov, Benik"]
[Black "Obolenskikh, Dmitry"]
[WhiteFideId "13314823"]
[BlackFideId "4156013"]
[WhiteElo "2574"]
[BlackElo "2512"]
[Result "0-1"]
[Round "11"]
[TimeControl "180+1"]
[Date "2022.01.18"]
[WhiteClock "0:00:09"]
[BlackClock "0:00:22"]

1. e4 e5 2. Nf3 Nc6 3. Bb5 a6 4. Bxc6 dxc6 5. O-O Bg4 6. h3 Bh5 7. g4 Bg6 8. Nxe5 Bd6 9. Nxg6 hxg6 10. Kg2 Qd7 11. Qf3 f5 12. exf5 gxf5 13. Qxf5 Qxf5 14. gxf5 Ne7 15. d3 Nxf5 16. Nc3 Nd4 17. Be3 Nxc2 18. Rac1 Nb4 19. Rfd1 Kd7 20. a3 Nd5 21. Ne4 Rh5 22. Rh1 Rf8 23. Rcf1 Nf4+ 24. Bxf4 Rxf4 25. Rfg1 Be5 26. b3 Bd4 27. Kf1 a5 28. a4 Ke6 29. Rg6+ Kf7 30. Rhg1 Kf8 31. R6g3 Rhf5 32. R1g2 Rf3 33. Ke2 Rxg3 34. fxg3 Kf7 35. g4 Rf4 36. h4 Ke6 37. Ng5+ Kd5 38. Ne4 b5 39. h5 bxa4 40. bxa4 c5 41. g5 Rh4 42. Ng3 Rg4 43. h6 Rxg5 44. h7 g6 45. Kf3 Be5 46. Ne2 Rxg2 47. Kxg2 c4 48. d4 Bh8 49. Kf3 g5 50. Kg4 Ke4 51. Kxg5 Ke3 52. Nc3 Kxd4 53. Nb5+ Kd3 54. Kf5 c3 55. Nxc3 Kxc3 56. Ke6 Kb4 57. Kd7 c5 58. Kc6 c4 59. Kd5 c3 60. Ke4 c2 61. Kd3 c1=Q 62. Ke2 Qf4 63. Kd3 Qf3+ 64. Kc2 Qe2+ 65. Kc1 Kxa4 66. Kb1 Qb2# 0-1


[Site "https://www.chess.com"]

[Event "Titled Tuesday Blitz January 18 2022"]
[White "Andreikin, Dmitry"]
[Black "Plotkin, Mark"]
[WhiteFideId "4158814"]
[BlackFideId "2611651"]
[WhiteElo "2736"]
[BlackElo "2178"]
[Result "1-0"]
[Round "11"]
[TimeControl "180+1"]
[Date "2022.01.18"]
[WhiteClock "0:00:27"]
[BlackClock "0:00:31"]

1. d4 Nf6 2. c4 c6 3. Bf4 g6 4. Nc3 Bg7 5. e3 O-O 6. Nf3 d6 7. h3 a6 8. Be2 b5 9. O-O Bb7 10. Rc1 Nbd7 11. a3 Qb6 12. Nd2 Rac8 13. b4 Qa7 14. c5 dxc5 15. dxc5 a5 16. Qc2 Rfd8 17. Rfd1 a4 18. Bf3 Nf8 19. Be5 Ne6 20. Bxf6 Bxf6 21. Bg4 Bxc3 22. Qxc3 f5 23. Qe5 Nf8 24. Be2 Rd7 25. Nc4 bxc4 26. Rxd7 Nxd7 27. Bxc4+ Kf8 28. Qh8# 1-0


[Site "https://www.chess.com"]

[Event "Titled Tuesday Blitz January 18 2022"]
[White "Aradhya, Garg"]
[Black "Yeletsky, Ivan"]
[WhiteFideId "25006746"]
[BlackFideId "24180327"]
[WhiteElo "2169"]
[BlackElo "2348"]
[Result "1-0"]
[Round "11"]
[TimeControl "180+1"]
[Date "2022.01.18"]
[WhiteClock "0:00:18"]
[BlackClock "0:00:12"]

1. d4 Nf6 2. c4 e6 3. Nf3 Bb4+ 4. Nbd2 b6 5. a3 Bxd2+ 6. Qxd2 Bb7 7. e3 O-O 8. Bd3 Ne4 9. Qc2 f5 10. O-O d6 11. b4 Rf6 12. Bb2 Rg6 13. d5 exd5 14. cxd5 Bxd5 15. Bc4 Bxc4 16. Qxc4+ d5 17. Rfd1 c6 18. b5 Rd6 19. Qb3 c5 20. Rxd5 Kh8 21. Rad1 Rxd5 22. Qxd5 Qxd5 23. Rxd5 h6 24. Rd8+ Kh7 25. Be5 a6 26. Rxb8 Ra7 27. Rxb6 axb5 28. Rxb5 Rxa3 29. Rb7 Kg8 30. Rxg7+ Kf8 31. Rc7 Ra2 32. h3 Rxf2 33. Rxc5 Kf7 34. Rc6 Re2 35. Bf4 Ra2 36. Rxh6 Ra1+ 37. Kh2 Nf2 38. Ng5+ Kg7 39. Rc6 Re1 40. Be5+ Kf8 41. Rf6+ Ke7 42. Rxf5 Nd3 43. Bd4 Re2 44. Ne4 Ke6 45. Rf6+ Ke7 46. Rf1 Rc2 47. Nc3 Ke6 48. h4 Nf2 49. Kg3 Nd3 50. h5 1-0


[Site "https://www.chess.com"]

[Event "Titled Tuesday Blitz January 18 2022"]
[White "Artem_Koval"]
[Black "Erdogdu, Mert"]
[BlackFideId "6301495"]
[WhiteElo "2541"]
[BlackElo "2485"]
[Result "1/2-1/2"]
[Round "11"]
[TimeControl "180+1"]
[Date "2022.01.18"]
[WhiteClock "0:00:07"]
[BlackClock "0:00:06"]

1. d4 d5 2. Bf4 Nf6 3. e3 c5 4. c3 e6 5. Nd2 Bd6 6. Bg3 Nc6 7. Ngf3 O-O 8. Bd3 b6 9. O-O Bb7 10. Ne5 Ne7 11. Bh4 Ng6 12. Nxg6 hxg6 13. f4 Qc7 14. Qf3 a5 15. a4 Ba6 16. Bxa6 Rxa6 17. g4 Qd7 18. Bxf6 gxf6 19. Rf2 Kg7 20. f5 exf5 21. gxf5 Raa8 22. Raf1 Be7 23. Rg2 Rh8 24. dxc5 bxc5 25. e4 dxe4 26. Nxe4 Raf8 27. fxg6 fxg6 28. Rd1 Qxa4 29. Qg4 Rh6 30. Rd7 Rf7 31. Qe6 Qa1+ 32. Kf2 Kf8 33. Rd2 Qa4 34. Nd6 Bxd6 35. Qxd6+ Kg7 36. Kg1 Qe4 37. Rde2 Qb1+ 38. Kf2 Qf5+ 39. Kg1 Rh5 40. Rgf2 Rg5+ 41. Rg2 Qb1+ 42. Kf2 Rf5+ 43. Kg3 Qf1 44. Ref2 Rg5+ 45. Kh3 Rh5+ 46. Kg3 Qc4 47. Kf3 Rf5+ 48. Kg3 Rg5+ 49. Kh3 Rxg2 50. Rxg2 g5 51. Rf2 Kg6 52. Kg3 Qh4+ 53. Kg2 Rh7 54. Qd3+ Kh6 55. Rxf6+ Kh5 56. Qf3+ Qg4+ 57. Qxg4+ Kxg4 58. Rc6 Rb7 59. Rxc5 Rxb2+ 60. Kg1 Ra2 61. c4 Kf4 62. Rc8 Rc2 63. c5 Kg4 64. c6 a4 65. c7 a3 66. Ra8 Rxc7 67. Rxa3 Kh5 68. Kg2 Rc4 69. Rg3 Rh4 70. Rh3 Rxh3 71. Kxh3 g4+ 72. Kg3 Kg5 73. h3 gxh3 74. Kxh3 1/2-1/2


[Site "https://www.chess.com"]

[Event "Titled Tuesday Blitz January 18 2022"]
[White "Azadaliyev, Jahandar"]
[Black "Berezin, Viktor"]
[WhiteFideId "13425811"]
[BlackFideId "14107872"]
[WhiteElo "1795"]
[BlackElo "2310"]
[Result "1-0"]
[Round "11"]
[TimeControl "180+1"]
[Date "2022.01.18"]
[WhiteClock "0:01:54"]
[BlackClock "0:00:04"]

1. d4 Nf6 2. c4 g6 3. Nf3 Bg7 4. g3 O-O 5. Bg2 d6 6. O-O Nc6 7. Nc3 a6 8. Bg5 Rb8 9. e4 b5 10. cxb5 axb5 11. e5 Ne8 12. Qe2 h6 13. Bd2 b4 14. Ne4 dxe5 15. dxe5 Nxe5 16. Nxe5 Bxe5 17. Bxh6 Bg7 18. Bg5 f6 19. Be3 Nd6 20. Nc5 e5 21. Bd5+ Kh7 22. Qf3 Qe7 23. g4 f5 24. Qh3+ 1-0


[Site "https://www.chess.com"]

[Event "Titled Tuesday Blitz January 18 2022"]
[White "Balabayeva, Xeniya"]
[Black "Tsyhanchuk, Stanislav"]
[WhiteFideId "13719688"]
[BlackFideId "13505130"]
[WhiteElo "1940"]
[BlackElo "2078"]
[Result "1-0"]
[Round "11"]
[TimeControl "180+1"]
[Date "2022.01.18"]
[WhiteClock "0:00:06"]
[BlackClock "0:00:01"]

1. e4 d5 2. exd5 Nf6 3. Nf3 Nxd5 4. d4 c5 5. c4 Nf6 6. d5 g6 7. Nc3 Bg7 8. Be2 O-O 9. O-O Ne8 10. Be3 b6 11. Rc1 Nd6 12. b3 Nd7 13. h3 Ne5 14. Qd2 Bf5 15. Nxe5 Bxe5 16. f4 Bg7 17. Bf3 h5 18. g4 hxg4 19. hxg4 Bd7 20. Kg2 Qc8 21. Kg3 Rd8 22. Rh1 e5 23. dxe6 Bxe6 24. Nd5 Bxd5 25. cxd5 Re8 26. Rce1 Ne4+ 27. Bxe4 Rxe4 28. Qh2 Qd7 29. Qh7+ Kf8 30. Bxc5+ bxc5 31. Rxe4 Qxd5 32. Rhe1 Rd8 33. f5 g5 34. f6 Bxf6 35. Qf5 Qd3+ 36. R1e3 Qd6+ 37. Kg2 Bd4 38. Re2 Qd5 39. Qxd5 Rxd5 40. Re8+ Kg7 41. R8e7 Kg6 42. Rxa7 Rd6 43. Rae7 Rf6 44. R7e4 Ra6 45. Rd2 f5 46. gxf5+ Kxf5 47. Rde2 g4 48. Re8 Kg5 49. Rg8+ Kf4 50. Rf8+ Kg5 51. Kg3 Rh6 52. Rg8+ Kf5 53. Rxg4 1-0


[Site "https://www.chess.com"]

[Event "Titled Tuesday Blitz January 18 2022"]
[White "Bauer, Thomas"]
[Black "Iskusnyh, Sergei"]
[WhiteFideId "1639293"]
[BlackFideId "4120027"]
[WhiteElo "2220"]
[BlackElo "2492"]
[Result "0-1"]
[Round "11"]
[TimeControl "180+1"]
[Date "2022.01.18"]
[WhiteClock "0:00:01"]
[BlackClock "0:00:27"]

1. d4 d5 2. Bf4 Nf6 3. e3 c5 4. Nd2 Nc6 5. Ngf3 cxd4 6. exd4 Qb6 7. Nb3 Bg4 8. Be2 e6 9. O-O Be7 10. h3 Bh5 11. c3 O-O 12. Re1 a5 13. Qc1 a4 14. Nbd2 Rfc8 15. Be3 Bg6 16. Ne5 Qa5 17. Nxg6 hxg6 18. Qb1 Bd6 19. Bd3 Ne7 20. Nf3 Nf5 21. Bd2 Nd7 22. Re2 Qc7 23. Qe1 Bf4 24. a3 Bxd2 25. Qxd2 Nd6 26. Qg5 Nf8 27. Rae1 Qd8 28. Qg3 Nc4 29. Ng5 Ra6 30. Qh4 Rb6 31. Bxc4 dxc4 32. Rd1 Rb5 33. f4 Rc6 34. Qg4 Rcb6 35. Rdd2 Nd7 36. h4 Nf6 37. Qf3 Qd5 38. Qh3 Qf5 39. Qg3 Nh5 40. Qe3 Qxf4 41. Qxf4 Nxf4 42. Rf2 Nd3 43. Rfe2 Rxb2 44. Ne4 Rxd2 45. Rxd2 Rb1+ 46. Kh2 Rb3 47. Ra2 b5 0-1


[Site "https://www.chess.com"]

[Event "Titled Tuesday Blitz January 18 2022"]
[White "Belenkaya, Dina"]
[Black "Omelja, Artem"]
[WhiteFideId "24142654"]
[BlackFideId "14119846"]
[WhiteElo "2196"]
[BlackElo "2418"]
[Result "0-1"]
[Round "11"]
[TimeControl "180+1"]
[Date "2022.01.18"]
[WhiteClock "0:00:02"]
[BlackClock "0:00:02"]

1. Nf3 d5 2. g3 c6 3. Bg2 Nf6 4. d3 Bf5 5. O-O e6 6. Nbd2 h6 7. e3 Nbd7 8. Re1 Be7 9. e4 dxe4 10. dxe4 Bh7 11. c3 O-O 12. e5 Nd5 13. Ne4 Qc7 14. c4 N5b6 15. Ned2 Nc5 16. b3 Rfd8 17. Re3 Nd3 18. Ne1 Nxc1 19. Qxc1 Bc5 20. Re2 Bd4 21. c5 Nd7 22. Be4 Bxe4 23. Nxe4 Bxa1 24. Qxa1 Qxe5 25. Qc1 Qc7 26. Qe3 b6 27. Nf3 Nxc5 28. Nxc5 bxc5 29. Qxc5 Rd5 30. Qc3 Rad8 31. Re4 Qa5 32. Qe3 Qxa2 33. Rg4 Qb1+ 34. Kg2 Kf8 35. Ne5 Qf5 36. Re4 Rd1 37. Nxc6 R8d5 38. Rf4 Qd3 39. Qxe6 Qf1+ 40. Kf3 R1d3+ 41. Kg4 Qd1+ 42. f3 Rg5+ 43. Kh4 f6 0-1


[Site "https://www.chess.com"]

[Event "Titled Tuesday Blitz January 18 2022"]
[White "Belyakov, Bogdan"]
[Black "Padmini, Rout"]
[WhiteFideId "24104795"]
[BlackFideId "5029295"]
[WhiteElo "2407"]
[BlackElo "2181"]
[Result "1-0"]
[Round "11"]
[TimeControl "180+1"]
[Date "2022.01.18"]
[WhiteClock "0:01:39"]
[BlackClock "0:00:07"]

1. e4 c5 2. c3 Nf6 3. e5 Nd5 4. d4 cxd4 5. cxd4 d6 6. Nf3 Nc6 7. Bc4 Nb6 8. Bb5 a6 9. Bxc6+ bxc6 10. O-O Nd5 11. Nc3 e6 12. Bg5 Qd7 13. Ne4 h6 14. Bh4 Bb7 15. Re1 dxe5 16. Nxe5 Qc7 17. Bg3 Qb6 18. Qh5 Qc7 19. Nc4 Qd7 20. Rac1 g6 21. Qf3 Bg7 22. Ned6+ Kf8 23. Ne5 Qe7 24. Nxg6+ 1-0


[Site "https://www.chess.com"]

[Event "Titled Tuesday Blitz January 18 2022"]
[White "Brodowski, Piotr"]
[Black "Jakubowski, Krzysztof"]
[WhiteFideId "1124480"]
[BlackFideId "1112848"]
[WhiteElo "2422"]
[BlackElo "2365"]
[Result "1/2-1/2"]
[Round "11"]
[TimeControl "180+1"]
[Date "2022.01.18"]
[WhiteClock "0:00:02"]
[BlackClock "0:00:02"]

1. c4 Nf6 2. Nc3 e6 3. Nf3 Bb4 4. Qc2 O-O 5. e3 b6 6. a3 Bxc3 7. Qxc3 Bb7 8. Be2 c5 9. b4 d6 10. Bb2 Nbd7 11. g4 Qe7 12. g5 Ne8 13. Rg1 e5 14. h4 e4 15. Nh2 Ne5 16. Ng4 Nxg4 17. Rxg4 Rc8 18. h5 f5 19. gxf6 Nxf6 20. Rg5 h6 21. Rg6 Bc6 22. bxc5 bxc5 23. O-O-O Be8 24. Rg2 Bxh5 25. Bxh5 Nxh5 26. Rh1 Nf6 27. Rxh6 Ne8 28. Rhg6 Rc7 29. Qc2 Rf5 30. Qd1 Kf7 31. Qg4 Rf6 32. Bxf6 gxf6 33. Qh5 Ke6 34. Qh3+ Kf7 35. Rh6 Qe5 36. Rh7+ Kf8 37. Rh8+ Ke7 38. Qh7+ Kd8 39. Rxe8+ Qxe8 40. Qf5 Rb7 41. Qxf6+ Kc8 42. Qxd6 Rb6 43. Qxc5+ Kb7 44. Rg7+ Ka6 45. Rg5 Qh8 46. Qa5+ Kb7 47. Qd5+ Ka6 48. Qa5+ Kb7 49. Qd5+ Ka6 50. Qa5+ 1/2-1/2


[Site "https://www.chess.com"]

[Event "Titled Tuesday Blitz January 18 2022"]
[White "Brunner, Nicolas"]
[Black "Klukin, Kirill"]
[WhiteFideId "620246"]
[BlackFideId "24199273"]
[WhiteElo "2372"]
[BlackElo "2324"]
[Result "0-1"]
[Round "11"]
[TimeControl "180+1"]
[Date "2022.01.18"]
[WhiteClock "0:00:02"]
[BlackClock "0:00:49"]

1. d4 d5 2. c4 e6 3. Nf3 a6 4. Bg5 Nf6 5. e3 Nbd7 6. Nc3 dxc4 7. Bxc4 b5 8. Bd3 h6 9. Bh4 Bb7 10. O-O Be7 11. e4 b4 12. e5 Nd5 13. Bxe7 Qxe7 14. Nxd5 Bxd5 15. Nd2 c5 16. Ne4 O-O 17. Nxc5 Nxc5 18. dxc5 Qxc5 19. Qg4 Rfc8 20. h3 a5 21. a3 Rab8 22. a4 b3 23. Bb5 Qe7 24. Rfc1 Rc2 25. Rxc2 bxc2 26. Rc1 Rc8 27. Bd3 Bb3 28. Qe4 g6 29. Bxc2 Qc5 30. Qf4 Bxc2 31. Qxh6 Qxe5 32. Qd2 Qxb2 33. Re1 Qc3 34. Qxc3 Rxc3 35. Rc1 Rc4 36. f3 Bb3 37. Rb1 Bxa4 38. Rb8+ Kg7 39. Ra8 Rc5 40. Kf2 Bb3 41. Ke2 a4 42. Kd2 Rc2+ 43. Ke3 Rxg2 0-1


[Site "https://www.chess.com"]

[Event "Titled Tuesday Blitz January 18 2022"]
[White "Cherniaiev, Tykhon"]
[Black "Koridze, Lile"]
[WhiteFideId "14182360"]
[BlackFideId "13612514"]
[WhiteElo "2289"]
[BlackElo "1978"]
[Result "1-0"]
[Round "11"]
[TimeControl "180+1"]
[Date "2022.01.18"]
[WhiteClock "0:00:03"]
[BlackClock "0:01:12"]

1. Nf3 d5 2. c4 e6 3. b3 Nf6 4. Bb2 Be7 5. g3 O-O 6. Bg2 c5 7. cxd5 exd5 8. d4 b6 9. O-O Bb7 10. Nc3 Nc6 11. Rc1 Rc8 12. Qd2 Ba6 13. Rfd1 c4 14. Ne5 Bb4 15. a3 Bxc3 16. Qxc3 Na5 17. bxc4 Nxc4 18. Qb4 Rc7 19. Ba1 Qc8 20. Qa4 Bb7 21. Nxc4 dxc4 22. Bxb7 Qxb7 23. Rxc4 Re7 24. Qc2 Ne4 25. d5 Nd6 26. Rc6 Qd7 27. e3 f6 28. Qe2 Ne4 29. h4 Rd8 30. Qf3 Nd6 31. Rd4 Nf7 32. Rg4 Ne5 33. Bxe5 Rxe5 34. Rxf6 Rxd5 35. Rff4 Kh8 36. Rf8+ 1-0


[Site "https://www.chess.com"]

[Event "Titled Tuesday Blitz January 18 2022"]
[White "Chigaev, Maksim"]
[Black "Sychev, Klementy"]
[WhiteFideId "4108116"]
[BlackFideId "4114060"]
[WhiteElo "2502"]
[BlackElo "2564"]
[Result "1-0"]
[Round "11"]
[TimeControl "180+1"]
[Date "2022.01.18"]
[WhiteClock "0:00:18"]
[BlackClock "0:00:02"]

1. d4 Nf6 2. c4 c5 3. d5 e5 4. Nc3 d6 5. e4 Nbd7 6. Nf3 g6 7. Be2 Bg7 8. O-O O-O 9. a3 h6 10. b4 Nh7 11. Ne1 f5 12. Nd3 b6 13. Bd2 Nhf6 14. f3 f4 15. Rb1 Rf7 16. Qa4 Nf8 17. bxc5 dxc5 18. Nxe5 Nh5 19. Nxf7 Bd4+ 20. Rf2 Kxf7 21. Be1 Ng3 22. Rd1 Be3 23. Rd3 Nd7 24. Rxe3 fxe3 25. hxg3 exf2+ 26. Bxf2 Ne5 27. f4 Ng4 28. Bxg4 Bxg4 29. e5 Kg7 30. Ne4 g5 31. Nf6 Bf5 32. Qd1 Bg6 33. Be3 Qc8 34. g4 b5 35. f5 Bf7 36. Ne4 bxc4 37. e6 Be8 38. Qa1+ Kg8 39. Qf6 c3 40. Qxh6 1-0


[Site "https://www.chess.com"]

[Event "Titled Tuesday Blitz January 18 2022"]
[White "Costachi, Mihnea"]
[Black "Aditya Mittal"]
[WhiteFideId "1217518"]
[BlackFideId "35042025"]
[WhiteElo "2464"]
[BlackElo "2287"]
[Result "1-0"]
[Round "11"]
[TimeControl "180+1"]
[Date "2022.01.18"]
[WhiteClock "0:00:06"]
[BlackClock "0:00:03"]

1. e4 c5 2. Nf3 d6 3. Bc4 Nf6 4. d3 Nc6 5. O-O g6 6. c3 Bg7 7. Re1 O-O 8. d4 cxd4 9. cxd4 Bg4 10. Nc3 Bc8 11. h3 a6 12. e5 dxe5 13. dxe5 Qxd1 14. Rxd1 Ne8 15. Bf4 Nc7 16. Rac1 Be6 17. Ne4 Rfd8 18. Rxd8+ Rxd8 19. Nc5 Bxc4 20. Nxb7 Nd4 21. Rxc4 Nxf3+ 22. gxf3 Rd1+ 23. Kg2 Ne6 24. Rc8+ Bf8 25. Bh6 f6 26. exf6 exf6 27. Nc5 Kf7 28. Bxf8 Nxf8 29. Rc6 Rd2 30. Rc7+ Kg8 31. Rb7 a5 32. a3 g5 33. b4 axb4 34. axb4 Ng6 35. Ne4 Nf4+ 36. Kg3 Rd1 37. Nxf6+ Kf8 38. Nxh7+ Ke8 39. Kg4 Rg1+ 40. Kf5 Nxh3 41. Nf6+ Kd8 42. b5 Nxf2 43. b6 Rg3 44. Rh7 Rxf3+ 45. Kg6 Kc8 46. b7+ Kb8 47. Rf7 Rb3 48. Nd7+ Kxb7 49. Nc5+ Kc6 50. Nxb3 Ne4 51. Rf5 Kd6 52. Nd4 g4 53. Ne2 g3 54. Rf4 g2 55. Rxe4 g1=Q+ 56. Nxg1 Kd5 57. Rg4 1-0


[Site "https://www.chess.com"]

[Event "Titled Tuesday Blitz January 18 2022"]
[White "Csonka, Balazs"]
[Black "Zhuravlev, Alexey"]
[WhiteFideId "742910"]
[BlackFideId "4164199"]
[WhiteElo "2404"]
[BlackElo "2541"]
[Result "1-0"]
[Round "11"]
[TimeControl "180+1"]
[Date "2022.01.18"]
[WhiteClock "0:00:03"]
[BlackClock "0:00:02"]

1. e4 c6 2. Nf3 d5 3. exd5 cxd5 4. Ne5 a6 5. d4 Nc6 6. c3 Bf5 7. Bf4 e6 8. Qb3 Nxe5 9. Bxe5 Qd7 10. Nd2 Nf6 11. Be2 Be7 12. O-O O-O 13. a4 Ne4 14. Nxe4 Bxe4 15. a5 Bd6 16. Bxd6 Qxd6 17. Ra4 Qc7 18. Rfa1 e5 19. Qd1 Rfd8 20. Rb4 Bf5 21. dxe5 Qxe5 22. Bf3 Rd7 23. Qd4 f6 24. Rd1 Rad8 25. h4 Kf7 26. Rb6 Kg6 27. g3 Qxd4 28. Rxd4 h5 29. Kf1 Be4 30. Bxe4+ dxe4 31. Rxe4 Rd1+ 32. Kg2 R8d7 33. Reb4 R1d5 34. Rxb7 Rxb7 35. Rxb7 Rxa5 36. b4 Ra3 37. c4 Rb3 38. Rb6 Rc3 39. c5 a5 40. bxa5 Rxc5 41. a6 Ra5 42. Kf3 Kf5 43. Rb7 Ra3+ 44. Kg2 g5 45. a7 gxh4 46. gxh4 Kg4 47. Rf7 Kxh4 48. Rxf6 Rxa7 49. Rg6 Ra2 50. Rg8 Rb2 51. Rg7 Ra2 52. Kf1 Kh3 53. f4 1-0


[Site "https://www.chess.com"]

[Event "Titled Tuesday Blitz January 18 2022"]
[White "Deac, Bogdan-Daniel"]
[Black "Pichot, Alan"]
[WhiteFideId "1226380"]
[BlackFideId "110973"]
[WhiteElo "2646"]
[BlackElo "2543"]
[Result "1-0"]
[Round "11"]
[TimeControl "180+1"]
[Date "2022.01.18"]
[WhiteClock "0:00:06"]
[BlackClock "0:00:06"]

1. d4 Nf6 2. c4 e6 3. Nf3 d5 4. g3 Be7 5. Bg2 O-O 6. O-O dxc4 7. Qc2 a6 8. a4 c5 9. dxc5 Bxc5 10. Bf4 Bd7 11. Ne5 Bc6 12. Nxc6 Nxc6 13. Bxc6 bxc6 14. Qxc4 Qd5 15. Qc2 Bb4 16. Nc3 Qh5 17. Ne4 Nd5 18. Bd6 Bxd6 19. Nxd6 Rfd8 20. Nc4 Rab8 21. Rfd1 h6 22. Rd3 Nb4 23. Rxd8+ Rxd8 24. Qc3 c5 25. f3 Rd4 26. Ne3 Qe5 27. Kf2 Qd6 28. b3 h5 29. Nc4 Qd8 30. Ne3 Qd6 31. Nc4 Qe7 32. h4 Nd5 33. Qc1 Qf6 34. Qg5 Qxg5 35. hxg5 h4 36. e4 hxg3+ 37. Kxg3 Nb4 38. Rc1 Nd3 39. Rc3 Kf8 40. Na5 Ke8 41. Nc6 Rd6 42. Na5 Ke7 43. Nb7 Rb6 44. Nxc5 Nxc5 45. Rxc5 Rxb3 46. Rc7+ Ke8 47. Rc6 a5 48. Ra6 Ke7 49. Rxa5 Ra3 50. Ra7+ Kf8 51. Kf4 Kg8 52. a5 Ra4 53. a6 Ra3 54. Kg4 Ra5 55. Kf4 Kh7 56. Ra8 Kg6 57. a7 Ra4 58. Ke5 Ra5+ 59. Kd6 Ra1 60. f4 Ra6+ 61. Kc7 Ra4 62. Kb6 Rb4+ 63. Ka5 Rb7 64. Ka6 Rb1 65. Rc8 Ra1+ 66. Kb6 1-0


[Site "https://www.chess.com"]

[Event "Titled Tuesday Blitz January 18 2022"]
[White "Demchenko, Anton"]
[Black "Dolzhykova, Kateryna"]
[WhiteFideId "4160258"]
[BlackFideId "14113414"]
[WhiteElo "2539"]
[BlackElo "2165"]
[Result "1-0"]
[Round "11"]
[TimeControl "180+1"]
[Date "2022.01.18"]
[WhiteClock "0:01:22"]
[BlackClock "0:00:06"]

1. e4 c5 2. Nf3 Nc6 3. Bb5 g6 4. O-O Bg7 5. d3 e5 6. a3 Nge7 7. b4 d6 8. Bg5 O-O 9. bxc5 dxc5 10. Bxc6 bxc6 11. Nbd2 Be6 12. Be3 Qd6 13. Ng5 Rfd8 14. Nxe6 Qxe6 15. Bxc5 f5 16. Re1 Nc8 17. Nc4 Bf8 18. exf5 Qxf5 19. Rxe5 Qf6 20. Bxf8 Rxf8 21. Qe1 Nb6 22. Re6 Qd4 23. Re4 Qc5 24. Qe3 Qb5 25. h3 Nd5 26. Qd2 Nf6 27. Re5 Qb8 28. Rae1 Nd5 29. Qh6 Qc7 30. R5e2 Rad8 31. g3 Rd7 32. Ne5 Rg7 33. Ng4 Rgf7 34. Qd2 Nf6 35. Nh6+ Kg7 36. Nxf7 Rxf7 37. c4 Nh5 38. Qc3+ Kh6 39. Re5 Rf6 40. Qd2+ Kg7 41. Re7+ 1-0


[Site "https://www.chess.com"]

[Event "Titled Tuesday Blitz January 18 2022"]
[White "Devaev, Alexander"]
[Black "Ivanisevic, Ivan"]
[WhiteFideId "4169395"]
[BlackFideId "912417"]
[WhiteElo "2185"]
[BlackElo "2495"]
[Result "0-1"]
[Round "11"]
[TimeControl "180+1"]
[Date "2022.01.18"]
[WhiteClock "0:00:01"]
[BlackClock "0:01:15"]

1. d4 Nf6 2. c4 c5 3. d5 g6 4. Nc3 Bg7 5. e4 d6 6. h3 O-O 7. Nf3 a6 8. a4 b6 9. Bg5 h6 10. Be3 e6 11. Bd3 Re8 12. Qd2 Kh7 13. a5 exd5 14. exd5 b5 15. cxb5 axb5 16. Bxb5 Nbd7 17. a6 Qb6 18. O-O Bxa6 19. Bc6 Bb7 20. Bf4 Bf8 21. Na4 Qc7 22. Rfd1 Bxc6 23. dxc6 Qxc6 24. Nc3 Rxa1 25. Rxa1 d5 26. Ra7 d4 27. Nd1 Ra8 28. Rxa8 Qxa8 29. b3 Nd5 0-1


[Site "https://www.chess.com"]

[Event "Titled Tuesday Blitz January 18 2022"]
[White "Doluhanova, Evgeniya"]
[Black "Romanchuk, Viktor"]
[WhiteFideId "14112035"]
[BlackFideId "14109271"]
[WhiteElo "2076"]
[BlackElo "2242"]
[Result "0-1"]
[Round "11"]
[TimeControl "180+1"]
[Date "2022.01.18"]
[WhiteClock "0:00:20"]
[BlackClock "0:00:48"]

1. e4 e6 2. d4 d5 3. e5 c5 4. c3 Nc6 5. Nf3 Bd7 6. Be3 Qb6 7. Nbd2 Nh6 8. Bd3 cxd4 9. cxd4 Nb4 10. Be2 Rc8 11. O-O Nf5 12. Rc1 Rxc1 13. Qxc1 Nxa2 14. Qa1 Nb4 15. Rc1 Be7 16. Nb3 O-O 17. Nc5 Bc6 18. Bd2 Nxd4 19. Nxd4 Bxc5 20. Nb3 Bxf2+ 21. Kh1 Be3 22. Qa3 Bxd2 23. Nxd2 Bd7 24. Nf3 Rc8 25. Rf1 h6 26. h3 Be8 27. Nh4 Nc6 28. Qg3 Qxb2 29. Bd3 Qxe5 0-1


[Site "https://www.chess.com"]

[Event "Titled Tuesday Blitz January 18 2022"]
[White "Donchenko, Alexander"]
[Black "Piesik, Piotr"]
[WhiteFideId "24603295"]
[BlackFideId "1136194"]
[WhiteElo "2539"]
[BlackElo "2232"]
[Result "1-0"]
[Round "11"]
[TimeControl "180+1"]
[Date "2022.01.18"]
[WhiteClock "0:02:22"]
[BlackClock "0:01:46"]

1. e4 g6 2. d4 Bg7 3. c4 d6 4. Nc3 Nd7 5. Nf3 e5 6. Be2 Ngf6 7. O-O O-O 8. Be3 Ng4 9. Bg5 Bf6 10. Bxf6 Ngxf6 11. Qc2 Qe7 12. Rfe1 c6 13. Rad1 Kg7 14. Bf1 Re8 15. h3 Nf8 16. c5 dxc5 17. dxe5 N6d7 18. Na4 Nxe5 19. Nxe5 Qxe5 20. Nxc5 Ne6 21. Nd7 Bxd7 22. Rxd7 Nc5 23. Rd2 Rad8 24. f4 Rxd2 25. Qxd2 Nxe4 26. Qb4 Qxf4 27. Qd4+ Qe5 28. Rxe4 1-0


[Site "https://www.chess.com"]